 Dungeon Crawl Stone Soup version 0.26-a0-812-g31a745ddcd (webtiles) character file.

Game seed: 5145542710095287954

722 Dracia the Purveyor of Pain (level 7, -2/46 HPs)
             Began as a Demonspawn Necromancer on Dec 4, 2020.
             Was an Initiate of Kikubaaqudgha.
             Slain by a gnoll
             ... wielding a +0 halberd
              (8 damage)
             ... on level 5 of the Dungeon.
             The game lasted 00:10:39 (4743 turns).

Dracia the Purveyor of Pain (DsNe)                  Turns: 4743, Time: 00:10:40

Health: -2/46      AC:  6    Str:  8    XL:     7   Next: 43%
Magic:  3/15       EV: 12    Int: 19    God:    Kikubaaqudgha [......]
Gold:   178        SH:  0    Dex: 13    Spells: 7/17 levels left

rFire    . . .     SeeInvis .   v - +1 halberd
rCold    . . .     Faith    .   (shield currently unavailable)
rNeg     . . .     Spirit   .   a - +0 robe
rPois    .         Reflect  .   (helmet restricted)
rElec    .         Harm     .   s - scarf {repulsion}
rCorr    .         Rampage  .   (no gloves)
MR       .....                  h - +1 pair of boots
Stlth    +.........             (no amulet)
HPRegen  0.15/turn              (no ring)
MPRegen  0.14/turn              (no ring)

@: hasted, glowing, repel missiles, very quick
A: horns 1, slimy green scales 1, spiny 1, rot immunity
a: Renounce Religion


You were on level 5 of the Dungeon.
You worshipped Kikubaaqudgha.
Kikubaaqudgha was noncommittal.
You visited 2 branches of the dungeon, and saw 6 of its levels.

You collected 178 gold pieces.


Innate Abilities, Weirdness & Mutations

You have a pair of small horns on your head.
You are partially covered in slimy green scales. (AC +2)
You are partially covered in sharp spines.
You are immune to rotting.


   Skills:
 - Level 1.7 Dodging
 - Level 1.7 Stealth
 + Level 5.6 Spellcasting
 + Level 7.8 Necromancy


You had 7 spell levels left.
You knew the following spells:

 Your Spells              Type           Power        Failure   Level
s - Animate Skeleton      Necr           #####.       1%          1
v - Vampiric Draining     Necr           #####.....   1%          3
y - Agony                 Necr           #####...     13%         5
z - Pain                  Necr           ####         1%          1

Your spell library contained the following spells:

 Spells                   Type           Power        Failure   Level
 Animate Dead             Necr           #####.....   4%          4

Inventory:

Hand Weapons
 d - a cursed -2 short sword
 e - a +0 spear
 v - a +1 halberd (weapon)
Missiles
 g - 6 datura-tipped darts (quivered)
Armour
 a - a +0 robe (worn)
 h - a +1 pair of boots (worn)
 i - a +0 pair of boots
 s - a scarf of repulsion (worn)
Scrolls
 b - 2 scrolls of fear
 c - a scroll of identify {@r1@r1}
 f - 3 scrolls of remove curse {@r2@r2}
 j - a scroll of immolation {unknown}
 k - 2 scrolls of magic mapping
 l - 3 scrolls of amnesia
 n - a scroll of teleportation {@r4@r4}
 q - a scroll of enchant weapon

Dungeon Overview and Level Annotations

Branches:
Dungeon (4/15)             Temple (1/1) D:4

Altars:
Cheibriados
Dithmenos
Fedhas
Gozag
Hepliaklqana
Kikubaaqudgha
Makhleb
Nemelex Xobeh
Okawaru
Qazlal
Sif Muna
Trog
Uskayaw
Vehumet
Wu Jian
Xom
Zin
The Shining One

....)#.g.....
..#
#..........
#..# #)$##
#..# ##g)##
#... ##..##
#..# ##).##
#..# ##.g##
#.. ##go## #.
##@.## ##>
##..## ##.#
##..## ##.#.
##..## ##....
##..## ##.....
##..####......
##..##.......
##..........
##..#......


You could see 3 gnolls and an orc.


Message History

Aim: an orc, wielding a -1 whip and wearing a +0 chain mail You kill the orc!
Kikubaaqudgha accepts your kill.
You feel life coursing into your body.
Casting: Vampiric Draining (safe; 1% risk of failure)
Confirm with . or Enter, or press ? or * to list all spells.
You attempt to give life to the dead...
Before your eyes, flesh is ripped from the corpse!
The dead are walking!
The gnoll closely misses you.
You are too injured to fight recklessly!
Your orc skeleton hits the gnoll from afar with a +0 trident!
You hit the orc.
The orc is severely wounded.
The orc is struck by your spines. The orc hits you but does no damage.
Your orc skeleton hits the gnoll from afar with a +0 trident.
The gnoll misses you.
You barely miss the orc. You headbutt the orc, but do no damage.
The orc is almost dead.
The gnoll hits your orc skeleton.
The gnoll hits you from afar with a +0 halberd.
* * * LOW HITPOINT WARNING * * *
Your orc skeleton closely misses the gnoll.
The orc hits you but does no damage. The orc is struck by your spines.
You kill the orc!
Kikubaaqudgha accepts your kill.
You feel yourself speed up. The gnoll hits your orc skeleton!
Your orc skeleton is destroyed!
The gnoll hits you from afar with a +0 halberd!
You die...
Kikubaaqudgha rasps: "You have failed me!
Welcome... death!"

Skill      XL: |  1  2  3  4  5  6 |
---------------+-------------------+-----
Necromancy     | 5 6 7 |  7.8
Spellcasting   | 3 4 5 |  5.6
Dodging        | |  1.7
Stealth        | |  1.7

Action                   |  1- 3 |  4- 6 |  7- 9 || total
-------------------------+-------+-------+-------++-------
Melee: Spear             |   131 |   119 |       ||   250
       Unarmed           |     3 |       |       ||     3
       Halberd           |       |    56 |    14 ||    70
       Headbutt          |       |     3 |     1 ||     4
Throw: Dart              |       |     2 |       ||     2
 Cast: Pain              |    18 |     1 |       ||    19
       Animate Skeleton  |     1 |     1 |     3 ||     5
       Vampiric Draining |     3 |    12 |     6 ||    21
  Use: Scroll            |       |    10 |       ||    10
       Potion            |       |     4 |     1 ||     5
 Stab: Sleeping          |     3 |     6 |       ||     9
Armor: Robe              |    55 |    26 |     7 ||    88
Dodge: Dodged            |   109 |    89 |    12 ||   210
       Repelled          |       |     3 |       ||     3

Levels and vault maps discovered:
D:1:      minmay_arrival_nine_rooms, layout_basic
D:2:      layout_loops_cross
D:3:      minmay_chambers_of_twos, layout_basic, amethyst_overflow_temple_binary
D:4:      layout_loops_cross, minmay_temple_entry_drinking_statues, st_stairs_6,
          chequers_big_river, okawaru_ov_weapons_minmay
D:5:      layout_cave_pods, uniq_blork_the_orc, uniq_edmund
Temple:   eino_temple_rhombus

Notes
Turn   | Place    | Note
-------+----------+-------------------------------------------
     0 | D:1      | Dracia the Demonspawn Necromancer began the quest for the
                  | Orb.
     0 | D:1      | Reached XP level 1. HP: 13/13 MP: 3/3
   449 | D:1      | Gained mutation: You are partially covered in slimy green
                  | scales. (AC +2) [demonic ancestry]
   449 | D:1      | Reached XP level 2. HP: 19/19 MP: 5/5
   740 | D:1      | Learned a level 1 spell: Animate Skeleton
  1156 | D:2      | Reached skill level 5 in Necromancy
  1156 | D:2      | Reached XP level 3. HP: 16/24 MP: 0/7
  1271 | D:2      | Learned a level 3 spell: Vampiric Draining
  1403 | D:2      | Reached skill level 3 in Spellcasting
  1617 | D:2      | Noticed a bullfrog
  1626 | D:2      | Killed a bullfrog
  1626 | D:2      | Gained mutation: You are partially covered in sharp spines.
                  | [demonic ancestry]
  1626 | D:2      | Reached XP level 4. HP: 27/30 MP: 1/9
  1817 | D:2      | Reached XP level 5. HP: 18/35 MP: 6/10
  2126 | D:2      | Learned a level 5 spell: Agony
  2187 | D:2      | Reached skill level 6 in Necromancy
  2807 | D:3      | Found an opulent altar of Gozag.
  2807 | D:3      | Found a bloodstained altar of Trog.
  2918 | D:3      | Reached skill level 4 in Spellcasting
  3520 | D:3      | Noticed a phantom
  3546 | D:3      | Killed a phantom
  3546 | D:3      | Gained mutation: You have a pair of small horns on your
                  | head. [demonic ancestry]
  3546 | D:3      | Reached XP level 6. HP: 22/41 MP: 12/12
  4135 | D:4      | Reached skill level 7 in Necromancy
  4266 | D:4      | Found a staircase to the Ecumenical Temple.
  4278 | Temple   | Entered the Ecumenical Temple
  4372 | Temple   | Became a worshipper of Kikubaaqudgha
  4509 | D:4      | You fall into a shaft and drop 1 floor!
  4509 | D:5      | Entered Level 5 of the Dungeon
  4510 | D:5      | Noticed a sky beast
  4517 | D:5      | Reached skill level 5 in Spellcasting
  4519 | D:5      | Killed a sky beast
  4519 | D:5      | Gained mutation: You are immune to rotting. [demonic
                  | ancestry]
  4519 | D:5      | Reached XP level 7. HP: 36/46 MP: 4/14
  4743 | D:5      | Slain by a gnoll

Vanquished Creatures
  A sky beast (D:5)
  A phantom (D:3)
  A centaur (D:5)
  A bullfrog (D:2)
  A scorpion (D:5)
  A gnoll shaman (D:5)
  3 orc priests
  2 worker ants
  2 gnolls
  5 adders
  An ooze (D:2)
  3 worms
  4 dart slugs
  3 leopard geckos
  15 orcs
  2 giant cockroaches
  8 goblins
  10 hobgoblins
  4 quokkas (D:2)
  9 bats
  3 frilled lizards
  8 kobolds
  9 rats
97 creatures vanquished.

Vanquished Creatures (collateral kills)
  A gnoll (D:3)
1 creature vanquished.

Vanquished Creatures (others)
  A gnoll (D:3)
1 creature vanquished.

Grand Total: 99 creatures vanquished

Table legend: (Time is in decaauts)
 A = Elapsed time spent in this place.
 B = Non-inter-level travel time spent in this place.
 C = Inter-level travel time spent in this place.
 D = Time resting spent in this place.
 E = Time spent auto-exploring this place.
 F = Levels seen in this place.
 G = Mean time per level.
                   A        B        C        D        E       F      G
               +--------+--------+--------+--------+--------+-----+--------+
         Total |   4783 |   4647 |    136 |    325 |   3470 |   6 |  797.2 |
       Dungeon |   4678 |   4552 |    126 |    325 |   3383 |   5 |  935.6 |
        Temple |    104 |     94 |     10 |      0 |     87 |   1 |  104.0 |
               +--------+--------+--------+--------+--------+-----+--------+

Top non-repeatable levels by time:
     D:3: 1575 daAuts
     D:2: 1198 daAuts
     D:1: 1134 daAuts
     D:4: 527 daAuts
     D:5: 242 daAuts
  Temple: 104 daAuts

Table legend:
 A = Non-vault XP
 B = Vault XP
 C = Vault XP percentage of total XP
 D = Non-vault monster count
 E = Vault monster count
 F = Vault count percentage of total count
                 A         B        C        D         E       F
            +---------+---------+-------+---------+---------+-------
      Total |     863 |     169 |  16.4 |      89 |       9 |   9.2
            +---------+---------+-------+---------+---------+-------
        D:1 |      33 |       0 |   0.0 |      18 |       0 |   0.0
        D:2 |     211 |       0 |   0.0 |      33 |       0 |   0.0
        D:3 |     149 |     136 |  47.7 |      21 |       8 |  27.6
        D:4 |      56 |      33 |  37.1 |       6 |       1 |  14.3
        D:5 |     414 |       0 |   0.0 |      11 |       0 |   0.0
            +---------+---------+-------+---------+---------+-------
